 Dungeon Crawl Stone Soup version 0.22-a0-605-g9281fa2 (console) character file.

3390 vegansnacktivist the Cleaver (level 9, 30/82 HPs)
             Began as a Deep Dwarf Fighter on July 8, 2018.
             Was a Follower of Makhleb.
             Quit the game on level 7 of the Dungeon.
             The game lasted 00:10:03 (5492 turns).

vegansnacktivist the Cleaver (Deep Dwarf Fighter)   Turns: 5492, Time: 00:10:03

Health: 30/82      AC: 10    Str: 22    XL:     9   Next: 74%
Magic:  0/0        EV:  8    Int: 10    God:    Makhleb [*.....]
Gold:   273        SH: 13    Dex: 12    Spells: 8/8 levels left

rFire    . . .     SeeInvis .   a - +0 war axe
rCold    . . .     Gourm    .   c - +0 shield
rNeg     . . .     Faith    .   b - +0 scale mail
rPois    .         Spirit   .   l - +1 helmet
rElec    .         Reflect  +   (no cloak)
rCorr    .         Harm     .   (no gloves)
MR       ++...                  (no boots)
Stlth    ..........             i - +2 amulet of reflection
HPRegen  0.00/turn              r - ring of protection from magic
MPRegen  0.07/turn              (no ring)

@: non-regenerating
A: damage resistance, heal wounds, sense surroundings 2, no regeneration
a: Heal Wounds, Renounce Religion


You were on level 7 of the Dungeon.
You worshipped Makhleb.
Makhleb was aware of your devotion.
You were hungry.

You visited 2 branches of the dungeon, and saw 8 of its levels.

You collected 378 gold pieces.
You spent 105 gold pieces at shops.

Inventory:

Hand Weapons
 a - a +0 war axe (weapon)
Armour
 b - a +0 scale mail (worn)
 c - a +0 shield (worn)
 l - a +1 helmet (worn)
Jewellery
 i - a +2 amulet of reflection (around neck)
 r - a ring of protection from magic (left hand)
Wands
 v - a wand of iceblast (10)
 B - a wand of flame (25)
 C - a wand of random effects (53)
Scrolls
 g - 3 scrolls of remove curse
 h - a scroll of enchant weapon {unknown}
 j - 2 scrolls of noise {unknown}
 k - 2 scrolls of blinking {unknown}
 q - 2 scrolls of magic mapping {unknown}
 t - 2 scrolls of fear {unknown}
 u - 2 scrolls of immolation {unknown}
 y - 2 scrolls of enchant armour {unknown}
 z - 2 scrolls of amnesia
 A - 2 scrolls of teleportation
 D - 2 scrolls of identify
 E - a scroll of fog
Potions
 d - 5 potions of might
 e - 7 potions of curing
 m - a potion of berserk rage {unknown}
 n - 3 potions of magic
 o - 4 potions of heal wounds
 p - 2 potions of mutation
 s - a potion of lignification
 x - a potion of agility {unknown}
Comestibles
 f - 16 rations


   Skills:
 + Level 6.2 Fighting
 * Level 9.8 Axes
 + Level 7.6 Armour
 + Level 7.5 Shields
 * Level 1.0 Invocations


You had 8 spell levels left.
You didn't know any spells.
Your spell library contained the following spells:

 Spells                   Type           Power        Failure   Level  Hunger
 Confuse                  Hex            #.......     100%        3    ####...
 Confusing Touch          Hex            #.....       93%         1    ##.....
 Metabolic Englaciation   Hex/Ice        #.........   100%        5    ######.
 Petrify                  Tmut/Erth      #.......     100%        4    #####..
 Gell's Gravitas          Tloc           #.........   100%        3    ####...
 Yara's Violent Unravell  Hex/Tmut       #.........   100%        5    ######.


Dungeon Overview and Level Annotations

Branches:
Dungeon (7/15)             Temple (1/1) D:6

Altars:
Ashenzari
Cheibriados
Dithmenos
Elyvilon
Fedhas
Gozag
Kikubaaqudgha
Makhleb
Nemelex Xobeh
Okawaru
Qazlal
Ru
Trog
Uskayaw
Vehumet
Wu Jian
Xom
Yredelemnul
The Shining One
Beogh

Shops:
D:5 ?

Annotations:
D:6 2 transporters, Phagon's ghost, novice HuFi
D:7 3 runed doors, demenzo's ghost, novice OpTm


Innate Abilities, Weirdness & Mutations

You are resistant to damage.
You can heal yourself by infusing magical energy.
You passively map the area around you.
You do not regenerate.


Message History

You are feeling hungry.
You see here the human skeleton of Prince Ribbit.
Things that are here:
a dagger; an embroidered robe; the elf skeleton of Dowan
Found a falchion.
You see here a falchion.
Found 10 arrows.
Found a weird smoking staff.
You see here 10 arrows.
Found a stone staircase leading up.
Things that are here:
a falchion; a leather armour; an orc skeleton Demenzo's ghost turns its malevolent gaze towards you.
The orc shouts!
The orc shouts! x2
The orc priest shouts!
The orc shouts!
You hear a shout!
Found a roughly hewn altar of Beogh.
You see here a runed arbalest.
Are you sure you want to abandon this character and quit the game? (Confirm with "yes".)

#######8# 8.....#.# #######
..##..#.# #.'.'.# ..8#..#.#
###.### ..##.o#.#########
#.'.'.# *....#o#....##...##
###.### [...#o+..........##
#.'.'.#
*_.8.#.+)..........######.###
....#o+....@.........#.'.'_#
*....#o#..............###.###
..##oo#..............#.'.'.#
..8#.o#....#.........###.###
*..##..#...##.##......#.'.'[#
8.....#..###.##......###.###
#######8.###.##......###'###
##.....#.....#.....#8#.#8#
##...............)......#..


You could see 2 orc warriors and 4 orcs.

Vanquished Creatures
  A troll (D:7)
  A hippogriff (D:6)
  Prince Ribbit (D:7)
  2 wraiths (D:7)
  A hungry ghost (D:6)
  Duvessa (D:7)
  An ice beast (D:6)
  An orc warrior (D:7)
  A hornet zombie (D:7)
  A phantom (D:4)
  5 ogres
  3 necrophages
  Blork the orc (D:5)
  A bullfrog (D:6)
  Dowan (D:7)
  A scorpion (D:7)
  2 wights (D:7)
  A howler monkey (D:6)
  2 crimson imps
  A hound (D:5)
  6 orc wizards
  An orc priest (D:7)
  4 human zombies (D:7)
  2 iguanas
  3 worker ants
  2 mummies (D:7)
  7 gnolls
  A howler monkey skeleton (D:4)
  12 adders
  A shadow imp (D:7)
  2 adder skeletons (D:4)
  6 worms
  3 dart slugs
  4 leopard geckos
  31 orcs
  6 bats
  5 giant cockroaches
  9 goblins
  6 hobgoblins
  10 jackals
  3 kobolds
  2 quokkas (D:5)
  A ball python (D:4)
  5 frilled lizards
  9 rats
170 creatures vanquished.

Notes
Turn   | Place    | Note
-------+----------+-------------------------------------------
     0 | D:1      | vegansnacktivist the Deep Dwarf Fighter began the quest for the Orb.
     0 | D:1      | Reached XP level 1. HP: 20/20 MP: 1/1
   222 | D:1      | Reached XP level 2. HP: 9/27 MP: 2/2
   820 | D:2      | Reached skill level 3 in Axes
   820 | D:2      | Reached XP level 3. HP: 4/33 MP: 3/3
   891 | D:2      | Found an iron altar of Okawaru.
  1082 | D:2      | Reached XP level 4. HP: 24/42 MP: 4/4
  1249 | D:2      | Found a blossoming altar of Fedhas.
  1311 | D:3      | Reached skill level 4 in Axes
  1326 | D:3      | Reached XP level 5. HP: 34/49 MP: 5/5
  1453 | D:3      | Found a bloodstained altar of Trog.
  1457 | D:3      | Found a shattered altar of Ashenzari.
  1919 | D:3      | Found an iron altar of Okawaru.
  1921 | D:3      | Found a shimmering altar of Xom.
  1921 | D:3      | Found a blossoming altar of Fedhas.
  1923 | D:3      | Found a sparkling altar of Nemelex Xobeh.
  1923 | D:3      | Found a stormy altar of Qazlal.
  1923 | D:3      | Found a shimmering altar of Xom.
  2069 | D:4      | Reached XP level 6. HP: 35/57 MP: 6/6
  2168 | D:4      | Reached skill level 5 in Axes
  2290 | D:4      | Reached XP level 7. HP: 42/64 MP: 6/6
  2385 | D:4      | Reached skill level 5 in Armour
  2668 | D:5      | Entered Level 5 of the Dungeon
  2706 | D:5      | Reached skill level 5 in Shields
  2786 | D:5      | Found Etoade's Magic Scroll Boutique.
  2797 | D:5      | Reached skill level 6 in Axes
  2818 | D:5      | Bought a scroll of amnesia for 49 gold pieces
  2818 | D:5      | Bought a scroll of teleportation for 42 gold pieces
  2818 | D:5      | Bought a scroll of random uselessness for 14 gold pieces
  2972 | D:5      | Noticed Blork the orc
  2985 | D:5      | Killed Blork the orc
  3451 | D:6      | Noticed a hippogriff
  3464 | D:6      | Killed a hippogriff
  3464 | D:6      | Reached XP level 8. HP: 25/73 MP: 6/6
  3518 | D:6      | Reached skill level 7 in Axes
  3561 | D:6      | Found a transporter.
  3563 | D:6      | Noticed Phagon's ghost (novice HuFi)
  3564 | D:6      | Found a transporter.
  3588 | D:6      | Found a staircase to the Ecumenical Temple.
  3602 | Temple   | Entered the Ecumenical Temple
  3822 | Temple   | Became a worshipper of Makhleb the Destroyer
  3907 | D:6      | Reached skill level 5 in Fighting
  4194 | D:6      | Reached skill level 8 in Axes
  4619 | D:7      | Found an opulent altar of Gozag.
  4675 | D:7      | Gained mutation: You passively map the area around you. [Deep Dwarf growth]
  4675 | D:7      | Reached XP level 9. HP: 37/81 MP: 4/4
  4703 | D:7      | Reached skill level 9 in Axes
  4716 | D:7      | Reached * piety under Makhleb
  4769 | D:7      | Noticed demenzo's ghost (novice OpTm)
  4805 | D:7      | Found a runed gate.
  4805 | D:7      | Found a runed gate.
  4805 | D:7      | Found a runed gate.
  4946 | D:7      | Noticed Duvessa
  4949 | D:7      | Noticed Prince Ribbit
  4949 | D:7      | Noticed Dowan
  4965 | D:7      | Killed Duvessa
  4968 | D:7      | Killed Prince Ribbit
  4974 | D:7      | Killed Dowan
  5047 | D:7      | Found an ancient bone altar of Kikubaaqudgha.
  5159 | D:7      | Noticed a troll
  5190 | D:7      | Killed a troll
  5315 | D:7      | Reached skill level 1 in Invocations
  5474 | D:7      | Found a roughly hewn altar of Beogh.
  5492 | D:7      | Quit the game

Vault maps used:
D:1:      dpeg_arrival_rhombi
D:2:      lemuel_round_altar, okawaru_trees_2
D:3:      grunt_temple_overflow_open, doesnt_xom_only_xom
D:4:      first_ration, hangedman_decor_diamond_cutter,
          hangedman_minor_gate_pass
D:5:      serial_shops, shop_scrolls, uniq_blork_the_orc
D:6:      minmay_temple_entry_overgrown, gammafunk_ghost_mausoleum,
          serial_glass, glass_columns_c, glass_columns_c, glass_columns_a,
          glass_columns_b
D:7:      minmay_cornered_nines, nicolae_gozag_seed_capital,
          lemuel_mausoleum_altar_kikubaaqudgha, biasface_ghost_orc_armoury,
          lightli_orcish_oven, uniq_prince_ribbit1, uniq_duvessa
Temple:   nicolae_temple_figure_eight

Skill      XL: |  1  2  3  4  5  6  7  8  9 |
---------------+----------------------------+-----
Axes           | 3 4 5 6 8 9 |  9.8
Fighting       | 3 4 5 6 |  6.2
Armour         | 4 5 6 7 |  7.6
Shields        | 4 5 6 7 |  7.5
Invocations    | 1 |  1.0

Action                   |  1- 3 |  4- 6 |  7- 9 || total
-------------------------+-------+-------+-------++-------
Melee: War axe           |   123 |   186 |   415 ||   724
Throw: Throwing net      |       |       |     2 ||     2
 Abil: Heal Wounds       |     1 |     3 |    16 ||    20
Evoke: Wand              |       |       |     2 ||     2
  Use: Scroll            |       |       |     9 ||     9
       Potion            |       |       |     2 ||     2
 Stab: Held in net/web   |       |       |     1 ||     1
  Eat: Chunk             |     1 |     4 |    10 ||    15
       Ration            |       |       |     2 ||     2
Armor: Scale mail        |    53 |    85 |   156 ||   294
Dodge: Dodged            |    35 |    56 |   111 ||   202
Block: Shield            |    64 |   114 |   282 ||   460
       Reflection        |       |     1 |     3 ||     4

Table legend:
 A = Spawn XP
 B = Non-spawn XP
 C = Spawn XP percentage of total XP
 D = Spawn monster count
 E = Non-spawn monster count
 F = Spawn count percentage of total count
 G = Total turns spent on level
                    A         B        C        D         E        F      G
               +---------+---------+-------+---------+---------+-------+---------
         Total |       0 |    4843 |   0.0 |       0 |     170 |   0.0 |  5492
               +---------+---------+-------+---------+---------+-------+---------
           D:1 |       0 |      23 |   0.0 |       0 |      13 |   0.0 |   694
           D:2 |       0 |     122 |   0.0 |       0 |      26 |   0.0 |   587
           D:3 |       0 |     172 |   0.0 |       0 |      30 |   0.0 |   753
           D:4 |       0 |     545 |   0.0 |       0 |      28 |   0.0 |   634
           D:5 |       0 |     378 |   0.0 |       0 |      13 |   0.0 |   780
           D:6 |       0 |    1194 |   0.0 |       0 |      19 |   0.0 |   914
           D:7 |       0 |    2409 |   0.0 |       0 |      41 |   0.0 |   873
               +---------+---------+-------+---------+---------+-------+---------
